Cogmind - Beta 16.1 @@@ ROGUE MODE // 2026.02.27 @ 19:40:01 Player: woegarden Result: Destroyed by as-15865 with Assembled Rifle Performance ------------- Evolutions (0) 0 Regions Visited (4) 800 Robots Destroyed (14) 70 Value Destroyed (198) 198 Prototype IDs (23) 460 Alien Tech Used (0) 0 Bonus (300) 300 TOTAL SCORE: 1828 Bonus ------- Aligned with FarCom 300 Cogmind --------- Core Integrity 0/250 Matter 290/300 Energy 87/100 System Corruption 0% Temperature Cool (0) Movement Core (150) Ox2 Location -9/Mines Parts ------- > --- POWER (1) -------- (None) > --- PROPULSION (2) --- (None) > --- UTILITY (2) ------ Small Storage Unit Seismic Detector > --- WEAPON (2) ------- Hammer > --- INVENTORY (8) ---- Aluminum Leg Superbattery (1500) High-capacity Matter Pod (200) Visual Processing Unit Experimental Sensor Array Improved Terrain Scanner Propulsion Shielding Utility Shielding Peak State ------------ > --- POWER ------------ Light Ion Engine > --- PROPULSION ------- Aluminum Leg Aluminum Leg > --- UTILITY ---------- Small Storage Unit Seismic Detector > --- WEAPON ----------- EM Pulse Gun Assault Rifle > --- INVENTORY -------- Light Ion Engine Wheel Wheel Wheel Wheel Improved Terrain Scanner Small Laser Grenade Launcher [Rating: 8] Favorites ----------- Power Light Ion Engine Engine Light Ion Engine Propulsion Wheel Leg Aluminum Leg Wheel Wheel Utility Small Storage Unit Device Seismic Detector Storage Small Storage Unit Weapon Assault Rifle Energy Gun EM Pulse Gun Ballistic Gun Assault Rifle Launcher Grenade Launcher Impact Weapon Hammer Build | -11 -10 -10 -10 -9 ------- Run | Yrd Mat Min Exi Min Slots Evolved . | . . . . . Power . | . . . . . Propulsion . | . . . . . Utility . | . . . . . Weapon . | . . . . . Parts Attached 12 | 1 3 1 6 1 Power 1 | . 1 . . . Engine 1 | . 1 . . . Core . | . . . . . Reactor . | . . . . . Propulsion 3 | . 2 . 1 . Treads . | . . . . . Leg . | . . . . . Wheel 3 | . 2 . 1 . Hover . | . . . . . Flight . | . . . . . Utility 5 | 1 . . 4 . Device 1 | 1 . . . . Storage 4 | . . . 4 . Processor . | . . . . . Hackware . | . . . . . Protection . | . . . . . Artifact . | . . . . . Weapon 3 | . . 1 1 1 Energy Gun 1 | . . . 1 . Energy Cannon . | . . . . . Ballistic Gun . | . . . . . Ballistic Cannon . | . . . . . Launcher 1 | . . 1 . . Special Weapon . | . . . . . Impact Weapon 1 | . . . . 1 Slashing Weapon . | . . . . . Piercing Weapon . | . . . . . Special Melee Weapon . | . . . . . Unidentified Prototypes . | . . . . . Parts Lost 7 | . . 5 . 2 Power 1 | . . 1 . . Propulsion 2 | . . 1 . 1 Utility . | . . . . . Weapon 4 | . . 3 . 1 Highest Loss Streak 3 | . . 3 . 2 To Critical Strikes . | . . . . . Average Backups 7 | 6 7 5 7 8 Power . | 1 . . . . Propulsion 1 | 4 3 1 1 1 Utility 4 | . 1 3 5 7 Weapon 1 | 1 1 1 . . Tool/Special . | . . . . . Unused Backups 15 | . 6 . 2 7 Power 1 | . 1 . . . Propulsion 6 | . 5 . . 1 Utility 8 | . . . 2 6 Weapon . | . . . . . Tool/Special . | . . . . . Average Slot Usage (%) 67 | . 100 79 53 64 Engine 1 | . 14 . . . Leg 2 | . 22 . . . Wheel 22 | . 5 27 24 24 Device 13 | . 14 14 13 14 Storage 13 | . 14 14 13 14 Energy Gun 3 | . 14 . 1 12 Ballistic Gun 5 | . 14 13 . . Launcher 2 | . . 8 . . Peak Build Rating 8 | 7 8 7 7 7 Average Rating 5 | 6 7 5 5 6 On Entrance 6 | 6 7 7 4 7 Avg Prop Armor Cover (%) . | . . . . . Naked Turns . | . . . . . Heaviest Build 41 | 13 13 11 41 7 Greatest Support 20 | 20 20 20 20 20 Greatest Overweight (x) 2 | . . 1 2 . Average Overweight (x) . | . . . . . Largest Inventory Capacity 35 | 8 8 8 35 8 Average Capacity 8 | 8 8 8 8 8 Most Carried 9 | 7 8 8 9 8 Average Carried 7 | 6 7 5 7 8 Final Capacity 8 | 8 8 8 8 8 Final Carried 8 | 7 6 8 8 8 Class Distribution -------------------- 100% | Mutant Dominant Class ---------------- Mutant | -10/Materials Mutant | -10/Mines Mutant | -10/Exiles Mutant | -9/Mines Resources | -11 -10 -10 -10 -9 ----------- Run | Yrd Mat Min Exi Min Matter Collected 455 | 243 45 70 47 50 Remotely . | . . . . . Salvage Created 286 | 175 63 30 . 18 Parts 27 | 14 7 3 . 3 Haulers Intercepted . | . . . . . Recyclers Shooed 1 | . 1 . . . Parts Field Recycled . | . . . . . Retrieved Matter . | . . . . . Parts Self-Destructed . | . . . . . Prevented . | . . . . . Parts Restored . | . . . . . Kills | -11 -10 -10 -10 -9 ------- Run | Yrd Mat Min Exi Min Combat Hostiles Destroyed 7 | . 3 3 . 1 Guns 3 | . 2 . . 1 AOE 4 | . 1 3 . . Classes Destroyed 5 | 2 2 1 . . Tunneler 5 | 5 . . . . Recycler 1 | 1 . . . . Watcher 1 | . 1 . . . Swarmer 5 | . 3 1 . 1 Grunt 2 | . . 2 . . Best Kill Streak 4 | 4 4 2 . 1 Combat Bots Only 3 | . 3 2 . 1 Max Kills in Single Turn 1 | 1 1 1 . 1 Gunslinging . | . . . . . Exploded 1 | . 1 1 . . Melee . | . . . . . Uniques/NPCs Destroyed . | . . . . . Combat | -11 -10 -10 -10 -9 -------- Run | Yrd Mat Min Exi Min Hostile Shots Fired 92 | . 24 40 . 28 Missed 33 | . 11 12 . 10 Hits 59 | . 13 28 . 18 Melee 4 | . . . . 4 Projectile 55 | . 13 28 . 14 Critical Strikes 2 | . 1 . . 1 Damage Taken 777 | . 141 387 . 249 Core 258 | . 43 122 . 93 Absorbed by Shields . | . . . . . Core Remaining (%) 100 | 100 . . . . Volleys Fired 44 | 11 10 18 . 5 Largest 2 | 2 2 2 . 1 Hottest 60 | 60 60 60 . 40 Shots Fired 66 | 22 20 19 . 5 Gun 59 | 22 20 12 . 5 Cannon . | . . . . . Launcher 7 | . . 7 . . Special . | . . . . . Kinetic 32 | 11 10 11 . . Thermal 5 | . . . . 5 Explosive 7 | . . 7 . . Electromagnetic 22 | 11 10 1 . . Robot Hit Streak 8 | 6 6 8 . 2 Robot Miss Streak 2 | 2 2 2 . 2 Penetration Max . | . . . . . Secondary Targets . | . . . . . Shots Hit Robots 41 | 14 12 11 . 4 Core Hits 21 | 7 5 7 . 2 Critical Kills . | . . . . . Critical Parts Destroyed . | . . . . . Critical Strikes 1 | . 1 . . . Corrupt 1 | . 1 . . . Melee Attacks 1 | . . . . 1 Impact 1 | . . . . 1 Slashing . | . . . . . Piercing . | . . . . . Sneak Attacks . | . . . . . Combat Hostiles . | . . . . . Follow-up Attacks . | . . . . . Damage Inflicted 916 | 220 219 399 . 78 Guns 443 | 182 154 75 . 32 Cannons . | . . . . . Explosions 415 | 38 60 317 . . Melee 46 | . . . . 46 Ramming 12 | . 5 7 . . Kinetic 227 | 74 78 75 . . Thermal 130 | 38 60 . . 32 Explosive 317 | . . 317 . . Electromagnetic 184 | 108 76 . . . Impact 46 | . . . . 46 Slashing . | . . . . . Piercing . | . . . . . Highest Corruption . | . . . . . Average Corruption . | . . . . . Corruption Purged . | . . . . . Corruption Blocked . | . . . . . Overload Shots . | . . . . . Overflow Damage 8 | . . 8 . . Projectiles . | . . . . . Explosions 8 | . . 8 . . Melee . | . . . . . Knockbacks . | . . . . . Impact . | . . . . . Kinetic . | . . . . . Secondary . | . . . . . Self-Inflicted Damage 143 | . 35 108 . . Shots 4 | . 1 3 . . Rammed 4 | . 1 3 . . Targets Rammed 4 | . 1 3 . . Kicked . | . . . . . Crushed . | . . . . . Highest Temperature 24 | . 12 24 . . Average Temperature 12 | . 12 12 . . Received Heat Transfer 107 | . . 87 . 20 Siege Activations . | . . . . . Martial Activations . | . . . . . Shielding Activations . | . . . . . Robots Disrupted . | . . . . . Combat Hostiles . | . . . . . Robots Corrupted . | . . . . . Combat Hostiles . | . . . . . Parts Fried . | . . . . . Impact Corruptions . | . . . . . Robots Melted . | . . . . . Combat Hostiles . | . . . . . Parts Melted . | . . . . . Heat Transferred 175 | 50 50 . . 75 Parts Sabotaged . | . . . . . Parts Stolen . | . . . . . Parts Stripped . | . . . . . Power Chain Reactions 2 | 1 1 . . . Alert | -11 -10 -10 -10 -9 ------- Run | Yrd Mat Min Exi Min Maximum Alert Level . | . . . . . Low Security (%) 100 | 100 100 100 . 100 Level 1 . | . . . . . Level 2 . | . . . . . Level 3 . | . . . . . Level 4 . | . . . . . Level 5 . | . . . . . High Security . | . . . . . Max Security . | . . . . . Peak Influence 101 | 10 73 101 . 20 Initial 20 | . . 20 . . Average 30 | 3 27 44 . 6 Influence Increases 359 | 30 83 226 . 20 Destroy 0b10 Robot/C 140 | . 60 60 . 20 Destroy 0b10 Robot/NC 35 | 30 5 . . . Destroy Leader 22 | . 12 10 . . Disable Machine 15 | . . 15 . . Destroy Structure 42 | . 6 36 . . Lose Combat Pursuer 105 | . . 105 . . Influence Decreases 359 | 30 30 213 66 20 Entered New Map 99 | . . 33 66 . Time Decay 210 | 30 30 130 . 20 Lost Part 50 | . . 50 . . Squads Dispatched . | . . . . . Investigation . | . . . . . Extermination . | . . . . . Reinforcement . | . . . . . Assault . | . . . . . Garrison . | . . . . . Intercept . | . . . . . Searches Triggered . | . . . . . Construction Impeded . | . . . . . Haulers Reinforced . | . . . . . Active Scanning Responses . | . . . . . Cargo Convoy Interrupts . | . . . . . Stealth | -11 -10 -10 -10 -9 --------- Run | Yrd Mat Min Exi Min Distress Signals . | . . . . . Communications Jammed . | . . . . . Distress Signals . | . . . . . Times Spotted 37 | . 7 12 . 18 Peak Tracking Total 16 | . 3 3 . 16 Tactical Retreats 6 | . . 4 . 2 Traps | -11 -10 -10 -10 -9 ------- Run | Yrd Mat Min Exi Min Traps Triggered . | . . . . . Indirectly . | . . . . . Trap Hack Attempts . | . . . . . Triggered . | . . . . . Disarmed . | . . . . . Reprogrammed . | . . . . . Reused . | . . . . . Traps Extracted . | . . . . . Installed . | . . . . . Triggered . | . . . . . Machines | -11 -10 -10 -10 -9 ---------- Run | Yrd Mat Min Exi Min Machines Disabled 1 | . . 1 . . Max in Single Turn 1 | . . 1 . . Machines Repaired . | . . . . . Machines Dismantled . | . . . . . Machines Sabotaged . | . . . . . Overloaded Fab Kills . | . . . . . Hacking | -11 -10 -10 -10 -9 --------- Run | Yrd Mat Min Exi Min Machines Accessed 6 | . 1 . 5 . Terminals 1 | . 1 . . . Fabricators . | . . . . . Repair Stations . | . . . . . Recycling Units . | . . . . . Scanalyzers . | . . . . . Garrison Access . | . . . . . Total Hacks 37 | . 3 . 34 . Successful 36 | . 2 . 34 . Failed 1 | . 1 . . . Catastrophic . | . . . . . Database Lockouts . | . . . . . Manual 1 | . . . 1 . Terminals 3 | . 3 . . . Fabricators . | . . . . . Repair Stations . | . . . . . Recycling Units . | . . . . . Scanalyzers . | . . . . . Garrison Access . | . . . . . Terminal Hacks 36 | . 2 . 34 . Record 34 | . 1 . 33 . Alert Level 1 | . 1 . . . Proto ID Catalog 1 | . . . 1 . Fabricator Hacks . | . . . . . Repair Station Hacks . | . . . . . Recycling Unit Hacks . | . . . . . Scanalyzer . | . . . . . Garrison Access Hacks . | . . . . . Unauthorized Hacks . | . . . . . Terminals . | . . . . . Fabricators . | . . . . . Repair Stations . | . . . . . Recycling Units . | . . . . . Scanalyzers . | . . . . . Garrison Access . | . . . . . Data Cores Recovered . | . . . . . Used . | . . . . . Hacking Detections 1 | . 1 . . . Full Trace Events . | . . . . . Feedback Events . | . . . . . Feedback Blocked . | . . . . . Robot Schematics Acquired . | . . . . . Robots Built . | . . . . . Authchips . | . . . . . Time . | . . . . . Total Robot Build Rating . | . . . . . Part Schematics Acquired . | . . . . . Parts Built . | . . . . . Authchips . | . . . . . Time . | . . . . . Total Part Build Rating . | . . . . . Part Studies Acquired . | . . . . . Parts Repaired . | . . . . . Time . | . . . . . Parts Recycled . | . . . . . Recycled Matter . | . . . . . Retrieved Matter . | . . . . . Retrieved Components . | . . . . . Parts Scanalyzed . | . . . . . Part Schematics Acquired . | . . . . . Parts Damaged . | . . . . . Bothacking | -11 -10 -10 -10 -9 ------------ Run | Yrd Mat Min Exi Min Used RIF Installer . | . . . . . Robots Hacked . | . . . . . Non-combat . | . . . . . Combat . | . . . . . Robot Hacks Applied . | . . . . . Relay Couplers Released . | . . . . . Fabnet Peak Effective % . | . . . . . Robots Rewired . | . . . . . Allies Hacked . | . . . . . Hacks Repelled . | . . . . . Allies | -11 -10 -10 -10 -9 -------- Run | Yrd Mat Min Exi Min Total Allies . | . . . . . Largest Group . | . . . . . Highest-Rated Group . | . . . . . Highest-Rated Ally . | . . . . . Total Orders . | . . . . . Ally Attacks . | . . . . . Total Damage . | . . . . . Kills . | . . . . . Allies Corrupted . | . . . . . Allies Melted . | . . . . . Intel | -11 -10 -10 -10 -9 ------- Run | Yrd Mat Min Exi Min Active Infowar (turns) 1147 | 38 147 293 607 62 Seismic 1147 | 38 147 293 607 62 Robot Analysis Total . | . . . . . Derelict Logs Recovered 1 | . . 1 . . Drone Launches . | . . . . . Drone Recoveries . | . . . . . Exploration | -11 -10 -10 -10 -9 ------------- Run | Yrd Mat Min Exi Min Turns Passed 1206 | 81 147 293 623 62 Spaces Moved 1233 | 32 94 298 749 60 Core . | . . . . . Treads . | . . . . . Legs 97 | 32 65 . . . Wheels 1136 | . 29 298 749 60 Hover . | . . . . . Flight . | . . . . . Fastest Speed 80 | 120 80 80 80 80 Average Speed 83 | 120 107 80 80 80 Slowest Speed 120 | 120 120 95 110 80 Overloaded Moves . | . . . . . Propulsion Burnouts . | . . . . . Robots Hopped . | . . . . . Potential Cave-ins . | . . . . . Cave-ins Triggered . | . . . . . Exploration Rate (%) 39 | 3 27 62 92 15 Regions Visited 4 Branch Regions 3 Pre-discovered Areas 1 | . . . 1 . Known Exits Taken 1 | . . 1 . . Unknown Exits Taken 3 | 1 1 . 1 . Scrap Searched 3 | . . 1 . 2 Spaces Dug . | . . . . . Terrain Destroyed 73 | 2 5 66 . . Melee . | . . . . . Projectile . | . . . . . AOE 73 | 2 5 66 . . Terrain Rammed . | . . . . . Walls Destroyed . | . . . . . Machines Disabled . | . . . . . Actions | -11 -10 -10 -10 -9 --------- Run | Yrd Mat Min Exi Min Total 1344 | 53 120 332 772 67 Wait 17 | 3 4 10 . . Move 1229 | 31 93 297 748 60 Hop . | . . . . . Pick Up 20 | 4 4 3 9 . Fast Attach 7 | 1 . . 5 1 Attach 3 | . . 1 2 . Detach 1 | . . . 1 . Swap 4 | . 3 . 1 . Drop 14 | 3 5 . 6 . Fire 44 | 11 10 18 . 5 Melee 1 | . . . . 1 Ram 4 | . 1 3 . . Kick . | . . . . . Crush . | . . . . . Escape Stasis . | . . . . . Rewire . | . . . . . Trap . | . . . . . Miscellaneous . | . . . . . Route ------- -11/Scrapyard -10/Materials -10/Mines -10/Exiles (discovered 2 exits: [*Min x2]) -9/Mines History --------- Turn | Location | Event 4 | -11/Scrapyard | Discovered new exit (range 2) 82 | -11/Scrapyard | Entered Materials 225 | -10/Materials | Discovered new exit (range 6) 229 | -10/Materials | Entered Mines 277 | -10/Mines | Met a Derelict bent on vengeance 314 | -10/Mines | Build established: Mutant 341 | -10/Mines | Excavation squad dispatched 341 | -10/Mines | A large section of the Mines collapsed 450 | -10/Mines | Found a damaged Exp. Sensor Array with a note attached 451 | -10/Mines | Found Prototype Device 478 | -10/Mines | Identified exit to Exiles 519 | -10/Mines | Core integrity fell below 50% 522 | -10/Mines | Entered Exiles 534 | -10/Exiles | Discovered new exit (range 15) 543 | -10/Exiles | Met 8R-AWN 549 | -10/Exiles | Lost 3 parts (1n2w) 560 | -10/Exiles | Met EX-HEX 603 | -10/Exiles | Met EX-DEC 636 | -10/Exiles | Met EX-BIN 652 | -10/Exiles | Aligned with FarCom system 653 | -10/Exiles | Given EX-Vault access code 694 | -10/Exiles | Opened EX-Vault 700 | -10/Exiles | Found Superbattery 716 | -10/Exiles | Warned to stay clear of 0b10 Research branches 741 | -10/Exiles | Learned location of Zion (-7) 791 | -10/Exiles | Visited The Gauntlet 1136 | -10/Exiles | Discovered new exit (range 11) 1145 | -10/Exiles | Left Exiles lab with Superbattery 1145 | -10/Exiles | Entered Mines 1146 | -9/Mines | Assembled infested the area 1151 | -9/Mines | Assisted by a Guerilla fighting off Assembled 1165 | -9/Mines | Core integrity fell below 20% 1202 | -9/Mines | Found DCF Scrap (14 items) 1207 | -9/Mines | Destroyed by as-15865 with Assembled Rifle Last Messages --------------- 01185_ Wheel destroyed. 01197_ Sml. Laser destroyed. 01202_ Searching scrap... 01202_ Found Ion Engine. 01202_ Found Lgt. Ion Engine. 01202_ Found Lgt. Treads. 01202_ Found Com. Wheel. 01202_ Found Imp. Hover Unit. 01202_ Found Lgt. Treads. 01202_ Found Med. Armor Plating. 01202_ Found Med. Battery. 01202_ Found Beam Rifle. 01202_ Found Sml. Laser. 01202_ Found Hammer. 01202_ Found Mace. 01202_ Found 145 Matter. A note is attached: "With love, from the DCF." 01203_ Acquired 9 matter. 01204_ Acquired Hammer. 01205_ Wheel severed. Map ----- +----------------------------------------------------+ | ?????????????????????????????? | | ?????????????????????????????? | | ?????????????????????????????? | | ??????????????????#??????????? | | ?????????????????? ??????????? | | ?????????????????? ??????????? | | ?????????????????? ??????????? | | ?????????????????? ??????????? | | ?????????????????? ??????????# | | ?????????????????? ???######## | | ?????????????????# #??# | | ????????? ??????# #??# ###### | | ????????# ????? #??# #????# | | ???????? ?????# #??# #????# | | ???????? ??????# #??# #????# | | ???????# !??????# #?## ###??# | | ????### / ???????# ### ##?? | | ???## ! ???????# #?? | | ???# #???????# ## #?? | | ???# #???????# ### ##?? | | ???# ????????# #?######??? | | ???# #????????# #?????????? | | ???# #????????#]#?????????? | | ???#== *#??????### ###???????? | | ???#=/[#?????### ##??????? | | ????#@%####### #??????? | | ????#[a## $ #??????? | | ????#*a## ### #??????? | | ????#!a= #?## #??????? | | ????# #??### # #??????? | | ????## ##???# ######??????? | | ?????# ##### #???????????? | | ?????# #???????????? | | ?????## ########???????????? | | ??????#####??????????????????? | | ?????????????????????????????? | | ?????????????????????????????? | | | | | | | | | | | | | | | | | | | | | | | | | | | +----------------------------------------------------+ Best States ------------- Heat Dissipation 25 Energy Generation 10 Energy Capacity 125 Matter Stores 300 Matter Capacity 300 Sight Range 16 Terrain Scan Density 10 Evasion (%) 55 Item Schematics ----------------- None Robot Schematics ------------------ None Fabricated ------------ Nothing Repaired ---------- Nothing Studied --------- None Alien Tech Used ----------------- None Achievements -------------- Sixth Sense Challenges ------------ None Game ------ Seed ScatterBombardmentMinigun Manual? 0 Play Time 00:24:32 Cumulative 112.2 hours Start 2026.02.27 @ 19:07:45 End 2026.02.27 @ 19:40:01 Sessions 1 Manual Loads 0 Difficulty Rogue Special Mode None Game No. 195 Rogue 149 Adventurer 45 Explorer 1 Win Type - Total 0 Types 0/0/0/0/0/0/0/0/0/0 Lore% 21 Gallery% 40 Achievement% 23 Wizard Run 0 Options --------- Layout 1 ASCII 0 Keyboard 0 Movement Mouse Keybinds 0 Fullscreen 1 Font 32/SmallcapsGlow Map View 50x35 Zoom Use 10% Tactical HUD 1 Map Filters NONE Filters LOW_CONTRAST(13,24,33)|BRIGHTNESS(90)|SATURATION(87) Steam 1 RUN: db472347-cb05-41b5-a555-67136ddaa6ec